 Dungeon Crawl Stone Soup version 0.26-a0-537-g96b2eae49b (webtiles) character file.

Game seed: 15216355370089446972

(classic levelgen) 23279 EnegeticOcto the Carver (level 13, -5/92 HPs)
             Began as a Halfling Berserker on Aug 13, 2020.
             Was an Elder of Trog.
             Slain by a killer bee (9 damage)
             ... on level 1 of the Lair of Beasts on Aug 14, 2020.
             The game lasted 00:42:39 (4963 turns).

EnegeticOcto the Carver (Halfling Berserker)        Turns: 4963, Time: 00:42:39

Health: -5/92      AC: 18    Str: 18    XL:     13   Next: 34%
Magic:  13/13      EV:  7    Int:  9    God:    Trog [****..]
Gold:   1324       SH: 11    Dex: 15    Spells: 12/12 levels left

rFire    . . .     SeeInvis .   F - +6 demon blade (venom)
rCold    . . .     Faith    +   h - +0 kite shield
rNeg     . . .     Spirit   .   v - +0 plate armour
rPois    .         Reflect  .   f - +0 helmet
rElec    .         Harm     .   (no cloak)
rCorr    .                      (no gloves)
MR       .....                  (no boots)
Stlth    ..........             c - amulet of faith
HPRegen  0.25/turn              G - +4 ring of protection (curse)
MPRegen  0.13/turn              (no ring)

@: berserk cooldown, slowed, very slow
A: small, mutation resistance 1
a: Berserk, Trog's Hand, Brothers in Arms, Renounce Religion


You were on level 1 of the Lair of Beasts.
You worshipped Trog.
Trog was greatly pleased with you.
You visited 3 branches of the dungeon, and saw 16 of its levels.

You collected 1484 gold pieces.
You spent 160 gold pieces at shops.

Inventory:

Hand Weapons
 x - a +3 antimagic scimitar
 F - a +6 demon blade of venom (weapon)
Missiles
 k - 2 silver boomerangs (quivered)
Armour
 a - a +2 chain mail of poison resistance
 f - a +0 helmet (worn)
 h - a +0 kite shield (worn)
 l - a +1 chain mail of cold resistance
 o - a +1 hat
 q - +0 acid dragon scales
 v - a +0 plate armour (worn)
Jewellery
 c - an amulet of faith (around neck)
 D - an uncursed amulet of regeneration {unknown}
 G - a cursed +4 ring of protection (left hand)
Wands
 m - a wand of flame (21) {@v4}
 u - a wand of digging (3) {@v3}
 B - a wand of iceblast (3) {@v2}
 C - a wand of random effects (18)
 J - a wand of disintegration (2)
Scrolls
 e - 5 scrolls of remove curse {@r2}
 g - 4 scrolls of teleportation {@r3 !r}
 i - a scroll of silence
 j - a scroll of fog {!r}
 n - a scroll of identify {@r1}
 p - 4 scrolls of magic mapping {@r5 !r}
Potions
 b - a potion of cancellation {unknown}
 d - a potion of stabbing {unknown}
 r - a potion of brilliance {unknown}
 s - a potion of flight
 t - a potion of curing {@q1 !q}
 A - 2 potions of mutation
 E - 2 potions of might {@q3 !q}
 H - 2 potions of heal wounds {unknown}
 K - a potion of degeneration {unknown}
Miscellaneous
 I - a tin of tremorstones (inert)


   Skills:
 - Level 10.0 Fighting
 + Level 13.8 Long Blades
 - Level 8.0 Armour
 - Level 2.1 Dodging
 - Level 8.0 Shields
 - Level 8.0 Evocations


You had 12 spell levels left.
You didn't know any spells.
Your spell library was empty.

Dungeon Overview and Level Annotations

Branches:
Dungeon (12/15)              Lair (2/6) D:8             Orc (2/2) D:11
    Elf (0/3) Orc:2
 Temple: D:4-7        Swamp: Lair:2-4    Shoals: Lair:2-4     Snake: Lair:2-4
 Spider: Lair:2-4

Altars:
Dithmenos
Ru
Vehumet
Yredelemnul
The Shining One
Beogh

Shops:
D:5 ?   Orc:2 :*([

Annotations:
D:7 2 transporters, drasked's ghost, novice DECj


Innate Abilities, Weirdness & Mutations

You are small and have problems with some larger weapons.
You are somewhat resistant to further mutation.


Message History

The killer bee stings you but does no damage. x3
The killer bee barely misses you. The killer bee completely misses you.
The killer bee barely misses you.
You riposte.
You slash the killer bee!
You kill the killer bee!
Trog accepts your kill.
You closely miss the killer bee.
You feel sick.
You kill the killer bee!
Trog accepts your kill. The killer bee stings you.
* * * LOW HITPOINT WARNING * * *
The killer bee stings you.
* * * LOW HITPOINT WARNING * * *
You block the killer bee's attack. x2
You slash the killer bee!
The killer bee looks as sick as possible!
The killer bee is heavily wounded.
* * * LOW HITPOINT WARNING * * *
You feel sick.
The killer bee stings you but does no damage.
You block the killer bee's attack.
The killer bee stings you but does no damage.
You block the killer bee's attack.
The killer bee stings you but does no damage. x2
The killer bee barely misses you.
The killer bee stings you but does no damage.
You slice the killer bee!!
You kill the killer bee!
Trog accepts your kill.
* * * LOW HITPOINT WARNING * * *
You feel sick. The killer bee barely misses you.
The killer bee stings you but does no damage.
The killer bee completely misses you.
You barely miss the killer bee.
* * * LOW HITPOINT WARNING * * *
You feel sick.
The killer bee stings you but does no damage.
The killer bee stings you.
* * * LOW HITPOINT WARNING * * *
The killer bee stings you but does no damage.
You block the killer bee's attack. The killer bee stings you.
* * * LOW HITPOINT WARNING * * *
You are more poisoned.
The killer bee poisons you! You block the killer bee's attack.
You slice the killer bee!!
The killer bee looks as sick as possible!
The killer bee is almost dead.
* * * LOW HITPOINT WARNING * * *
You feel sick.
You kill the killer bee!
Trog accepts your kill. You block the killer bee's attack.
The killer bee barely misses you.
You riposte.
You miss the killer bee. The killer bee barely misses you.
You slash the killer bee!
The killer bee is poisoned.
The killer bee is moderately wounded.
* * * LOW HITPOINT WARNING * * *
You feel sick. You block the killer bee's attack. x2
The killer bee stings you.
* * * LOW HITPOINT WARNING * * *
You are more poisoned.
The killer bee poisons you!
The queen bee calls on the killer bee to defend it!
The killer bee goes berserk!
The killer bee stings you but does no damage.
You block the killer bee's attack.
You completely miss the killer bee.
* * * LOW HITPOINT WARNING * * *
You feel sick. You block the killer bee's attack.
The killer bee stings you but does no damage. x3
You slash the killer bee!
The killer bee is poisoned.
The killer bee is severely wounded.
* * * LOW HITPOINT WARNING * * *
You feel very sick.
The killer bee stings you but does no damage.
You block the killer bee's attack. The killer bee barely misses you.
You block the queen bee's attack. You block the killer bee's attack.
The killer bee barely misses you.
You riposte.
You slice the killer bee!!
You kill the killer bee!
Trog accepts your kill.
You miss the killer bee.
* * * LOW HITPOINT WARNING * * *
You feel sick. You block the killer bee's attack. x2
The killer bee stings you.
* * * LOW HITPOINT WARNING * * *
You closely miss the killer bee.
The killer bee is severely wounded.
You are no longer berserk.
You are exhausted.
You feel yourself slow down.
* * * LOW HITPOINT WARNING * * *
You feel sick.
The killer bee stings you but does no damage.
You block the killer bee's attack. The queen bee closely misses you.
You block the killer bee's attack.
The killer bee stings you but does no damage.
Really quaff
t - 2 potions of curing {@q1 !q}?
You feel better. You block the killer bee's attack. The killer bee stings you!
* * * LOW HITPOINT WARNING * * *
The killer bee stings you but does no damage.
The killer bee stings you!
You die... #............. ......#.† #.......(..... .......#†. #....>........ ........#†###............. ...............#.......... ....................#...........
PP.....................)........

..............yy†...............
..............y@†......##......
..............†.†...... #.....
..................#....
#..............## ...
#...>.(..(.....##...
#................>..
#....###............
#..........#####....
#..........# ....


You could see a queen bee and 2 killer bees.

Vanquished Creatures
  Saint Roka (Orc:1)
  An orc warlord (D:11)
  Snorg (Orc:1)
  Josephine (Orc:1)
  2 two-headed ogres
  An orc high priest (Orc:2)
  Nergalle (Orc:2)
  4 orc knights
  An ugly thing (D:12)
  2 orc sorcerers
  A cyclops (D:11)
  A black mamba (Lair:1)
  Maggie (D:8)
  2 cane toads (Lair:2)
  4 trolls
  4 hippogriffs
  3 wraiths (Orc:1)
  A wyvern (D:12)
  2 steam dragons
  2 wargs
  4 porcupines
  A black bear (D:7)
  3 phantoms
  2 sky beasts
  3 ice beasts
  21 orc warriors
  8 ogres
  4 centaurs
  A crocodile (Lair:2)
  2 big kobolds
  7 bullfrogs
  A gnoll sergeant (D:10)
  6 scorpions
  15 killer bees (Lair:1)
  9 wights
  3 howler monkeys (D:7)
  A crimson imp (D:7)
  A bullfrog zombie (D:12)
  A centaur zombie (D:7)
  A hound (D:10)
  13 orc priests
  A bullfrog skeleton (D:5)
  17 orc wizards
  An iguana (D:7)
  A killer bee zombie (D:9)
  A hound zombie (D:7)
  A worker ant zombie (D:10)
  5 gnolls
  9 adders
  A white imp (D:7)
  An adder zombie (D:9)
  2 adder skeletons
  A worm (D:3)
  A dart slug (D:1)
  4 leopard geckos
  64 orcs
  6 giant cockroaches
  4 goblins
  3 hobgoblins
  6 bats
  6 frilled lizards
  A goblin skeleton (D:7)
  A goblin zombie (D:7)
  A hobgoblin zombie (D:7)
  12 kobolds
  4 kobold skeletons (D:7)
  3 orc zombies
  2 rats
  A plant (D:8)
303 creatures vanquished.

Vanquished Creatures (collateral kills)
  An orc warrior (Orc:2)
  A crocodile (D:8)
  A jelly (D:8)
  2 gnolls (D:8)
  2 orcs
  A quokka (D:8)
8 creatures vanquished.

Vanquished Creatures (others)
  An ogre (D:6)
  A scorpion (D:6)
  3 orc wizards
  An adder (D:6)
  An ufetubus (D:6)
  An orc (D:12)
  8 fungi (D:8)
16 creatures vanquished.

Grand Total: 327 creatures vanquished

Notes
Turn   | Place    | Note
-------+----------+-------------------------------------------
     0 | D:1      | EnegeticOcto the Halfling Berserker began the quest for the
                  | Orb.
     0 | D:1      | Reached XP level 1. HP: 15/15 MP: 1/1
    71 | D:2      | Reached XP level 2. HP: 20/20 MP: 2/2
   144 | D:2      | Reached skill level 4 in Long Blades
   144 | D:2      | Reached XP level 3. HP: 25/25 MP: 3/3
   199 | D:2      | Found a shadowy altar of Dithmenos.
   421 | D:3      | Reached XP level 4. HP: 30/30 MP: 4/4
   422 | D:3      | Reached ** piety under Trog
   444 | D:3      | Found a basalt altar of Yredelemnul.
   474 | D:4      | Reached skill level 5 in Long Blades
   513 | D:3      | Reached XP level 5. HP: 24/35 MP: 5/5
   599 | D:5      | Entered Level 5 of the Dungeon
   599 | D:5      | Noticed a centaur
   604 | D:5      | Killed a centaur
   604 | D:5      | Reached skill level 6 in Long Blades
   604 | D:5      | Reached XP level 6. HP: 32/41 MP: 6/6
   612 | D:5      | Found Buquomi's Magic Scroll Shop.
   615 | D:5      | Bought a scroll of teleportation for 30 gold pieces
   615 | D:5      | Bought a scroll of blinking for 75 gold pieces
   742 | D:5      | Reached skill level 7 in Long Blades
   803 | D:5      | Bought a scroll of magic mapping for 35 gold pieces
   803 | D:5      | Bought a scroll of identify for 20 gold pieces
   837 | D:5      | Reached XP level 7. HP: 44/45 MP: 7/7
   865 | D:6      | Found a sacrificial altar of Ru.
   957 | D:7      | Found a transporter.
   957 | D:7      | Noticed drasked's ghost (novice DECj)
   961 | D:7      | Found a transporter.
   999 | D:7      | Got a transparent morningstar
  1000 | D:7      | Identified the +5 morningstar of the Everdark {freeze,
                  | Dex+9} (You found it on level 7 of the Dungeon)
  1073 | D:7      | Reached skill level 8 in Long Blades
  1114 | D:7      | Reached XP level 8. HP: 26/51 MP: 8/8
  1142 | D:7      | Reached skill level 9 in Long Blades
  1270 | D:8      | Reached skill level 3 in Fighting
  1288 | D:8      | Reached skill level 3 in Armour
  1333 | D:8      | Reached skill level 4 in Armour
  1339 | D:8      | Noticed Maggie
  1359 | D:8      | Reached skill level 4 in Fighting
  1359 | D:8      | Reached XP level 9. HP: 58/58 MP: 3/9
  1378 | D:8      | Killed Maggie
  1378 | D:8      | Reached skill level 10 in Long Blades
  1392 | D:8      | Reached skill level 5 in Armour
  1415 | D:8      | Found a staircase to the Lair.
  1467 | D:7      | Reached skill level 5 in Fighting
  1489 | D:7      | Found a glowing golden altar of the Shining One.
  1862 | D:7      | Reached skill level 6 in Armour
  1864 | D:7      | Reached *** piety under Trog
  2061 | D:9      | Reached XP level 10. HP: 60/68 MP: 3/10
  2142 | D:9      | Reached skill level 6 in Fighting
  2142 | D:9      | Reached skill level 1 in Evocations
  2232 | D:10     | Entered Level 10 of the Dungeon
  2242 | D:10     | Reached skill level 11 in Long Blades
  2242 | D:10     | Reached skill level 7 in Armour
  2286 | D:10     | Upgraded the game from 0.26-a0-524-g073066f631 to
                  | 0.26-a0-537-g96b2eae49b
  2306 | D:11     | Noticed a cyclops
  2326 | D:11     | Killed a cyclops
  2326 | D:11     | Reached skill level 1 in Shields
  2326 | D:11     | Reached skill level 2 in Evocations
  2541 | D:10     | Reached skill level 2 in Shields
  2782 | D:12     | Reached skill level 3 in Evocations
  2792 | D:12     | Identified a scroll of acquirement
  2792 | D:12     | Acquired a +6 demon blade of venom
  2816 | D:12     | Noticed a purple ugly thing
  2824 | D:12     | Killed a purple ugly thing
  2841 | D:12     | Reached **** piety under Trog
  2841 | D:12     | Reached skill level 3 in Shields
  2876 | D:12     | Reached XP level 11. HP: 24/74 MP: 11/11
  2959 | D:12     | Reached skill level 8 in Armour
  2963 | D:12     | Reached skill level 7 in Fighting
  2969 | D:12     | Noticed a two-headed ogre
  3001 | D:12     | Reached skill level 4 in Evocations
  3019 | D:12     | Killed a two-headed ogre
  3019 | D:12     | Reached skill level 4 in Shields
  3228 | D:11     | Found a staircase to the Orcish Mines.
  3234 | Orc:1    | Entered Level 1 of the Orcish Mines
  3234 | Orc:1    | Noticed an orc warlord
  3234 | Orc:1    | Noticed an orc sorcerer
  3241 | D:11     | Killed an orc sorcerer
  3282 | D:11     | Killed an orc warlord
  3282 | D:11     | Reached skill level 5 in Shields
  3282 | D:11     | Reached skill level 5 in Evocations
  3405 | Orc:1    | Reached skill level 12 in Long Blades
  3426 | Orc:1    | Found a radiant altar of Vehumet.
  3535 | Orc:1    | Noticed Josephine
  3559 | Orc:1    | Killed Josephine
  3559 | Orc:1    | Reached skill level 8 in Fighting
  3568 | Orc:1    | Reached skill level 6 in Shields
  3638 | Orc:1    | Reached XP level 12. HP: 82/82 MP: 12/12
  3644 | Orc:1    | Reached skill level 6 in Evocations
  3691 | Orc:1    | Noticed a two-headed ogre
  3698 | Orc:1    | Killed a two-headed ogre
  3731 | Orc:2    | Entered Level 2 of the Orcish Mines
  3731 | Orc:2    | Noticed Snorg
  3759 | Orc:1    | Killed Snorg
  4008 | Orc:2    | Reached skill level 7 in Shields
  4012 | Orc:2    | Noticed Nergalle
  4016 | Orc:2    | Killed Nergalle
  4033 | Orc:2    | Noticed a sixfirhy
  4035 | Orc:2    | Noticed an orc high priest
  4036 | Orc:2    | Reached skill level 7 in Evocations
  4038 | Orc:2    | Killed an orc high priest
  4038 | Orc:2    | Reached skill level 9 in Fighting
  4095 | Orc:2    | Noticed Saint Roka
  4287 | Orc:1    | Killed Saint Roka
  4287 | Orc:1    | Reached skill level 13 in Long Blades
  4287 | Orc:1    | Reached skill level 8 in Shields
  4287 | Orc:1    | Reached skill level 8 in Evocations
  4287 | Orc:1    | Reached XP level 13. HP: 44/91 MP: 13/13
  4355 | Orc:2    | Found a staircase to the Elven Halls.
  4448 | Orc:2    | Found a roughly hewn altar of Beogh.
  4457 | Orc:2    | Found Birehil's Antique Armour Boutique.
  4488 | Orc:2    | Found Kackijoq's General Store.
  4504 | Orc:2    | Found Emnad's Book Boutique.
  4509 | Orc:2    | Found Janot's Antique Weapon Boutique.
  4800 | Lair:1   | Entered Level 1 of the Lair of Beasts
  4850 | Lair:2   | Reached skill level 10 in Fighting
  4962 | Lair:1   | HP: 3/92 [poisoned by a killer bee]
  4963 | Lair:1   | Slain by a killer bee

Illustrated notes

Levels and vault maps discovered:
D:1:      dpeg_arrival_three_same_balls, layout_basic
D:2:      layout_basic, lemuel_round_altar, kennysheep_slug_shrine,
          grunt_dithmenos_smoke
D:3:      wander_river, layout_rooms, yredelemnul_altar_generic, tgw_sif
D:4:      layout_loops_ring, serial_shops, shop, shop, shop, uniq_blork_the_orc
D:5:      lemuel_ice_spiral_2, layout_basic, nemelex_xobeh_ov_fountains_minmay,
          serial_shops, kennysheep_mini, minmay_mini_ossuary
D:6:      layout_basic, nicolae_ru_great_annihilating_truth, minivault_25,
          xom_confusion_cloud
D:7:      minmay_inner_zag, layout_basic, nicolae_tso_besieged_by_evil,
          minmay_temple_entry_enclosed_plants, gammafunk_ghost_hive,
          minmay_misc_feat_four_crosses
D:8:      layout_basic, due_lair_maze_entry_diamond, uniq_maggie
D:9:      layout_big_octagon
D:10:     layout_basic, small_statue_intersection, st_stairs_14,
          nicolae_water_bricks
D:11:     layout_basic, orc_0_dummy, nicolae_sextant
D:12:     layout_loops_cross
Lair:1:   layout_cave_shapes, special_room [special_room_bee]
Lair:2:   layout_hall_layers, lemuel_fruit_tree
Orc:1:    layout_caves, basic_altar, serial_shops, uniq_josephine
Orc:2:    grunt_orc_cross, layout_caves, mines2_lemuel, uniq_snorg

Skill      XL: |  1  2  3  4  5  6  7  8  9 10 11 12 13 |
---------------+----------------------------------------+-----
Long Blades    | 4 5 6 7 8 9 10 11 12 13 | 13.8
Fighting       | 4 5 6 8 9 10 | 10.0
Armour         | 4 6 7 8 |  8.0
Evocations     | 3 5 8 |  8.0
Shields        | 3 6 8 |  8.0
Dodging        | |  2.1

Action                   |  1- 3 |  4- 6 |  7- 9 | 10-12 | 13-15 || total
-------------------------+-------+-------+-------+-------+-------++-------
Melee: Falchion          |    58 |   107 |    57 |       |       ||   222
       Morningstar       |       |       |    27 |       |       ||    27
       Scimitar          |       |       |   150 |   167 |       ||   317
       Demon blade       |       |       |       |   272 |    88 ||   360
Throw: Boomerang         |       |       |       |    16 |       ||    16
Invok: Berserk           |     5 |     6 |     8 |    17 |     1 ||    37
       Trog's Hand       |       |     6 |    10 |    29 |     7 ||    52
       Brothers in Arms  |       |       |       |     2 |       ||     2
Evoke: Wand              |       |       |     5 |    15 |     1 ||    21
       Tin of tremorston |       |       |       |     5 |     1 ||     6
  Use: Scroll            |     1 |     1 |     4 |    12 |     1 ||    19
       Potion            |       |       |       |     3 |     1 ||     4
 Stab: Sleeping          |     1 |       |       |       |       ||     1
       Paralysed         |       |       |     1 |       |       ||     1
Armor: Animal skin       |     8 |       |       |       |       ||     8
       Ring mail         |    12 |    33 |     6 |       |       ||    51
       Plate armour      |       |       |   123 |   191 |    65 ||   379
       Chain mail        |       |       |     3 |       |       ||     3
       Skin              |       |       |       |     7 |       ||     7
Dodge: Dodged            |    57 |    81 |   109 |   115 |    35 ||   397
Block: Kite shield       |       |       |       |   178 |    74 ||   252
       Rpst.: Falchion   |    24 |    23 |     9 |       |       ||    56
       Scimitar          |       |       |    18 |    12 |       ||    30
       Demon blade       |       |       |       |    15 |    10 ||    25

Table legend: (Time is in decaauts)
 A = Elapsed time spent in this place.
 B = Non-inter-level travel time spent in this place.
 C = Inter-level travel time spent in this place.
 D = Time resting spent in this place.
 E = Time spent auto-exploring this place.
 F = Levels seen in this place.
 G = Mean time per level.
                   A        B        C        D        E       F      G
               +--------+--------+--------+--------+--------+-----+--------+
         Total |   5330 |   5145 |    185 |      0 |     58 |  16 |  333.1 |
       Dungeon |   3897 |   3725 |    172 |      0 |      0 |  12 |  324.8 |
          Lair |    141 |    141 |      0 |      0 |      0 |   2 |   70.5 |
  Orcish Mines |   1290 |   1277 |     13 |      0 |     58 |   2 |  645.0 |
               +--------+--------+--------+--------+--------+-----+--------+

Top non-repeatable levels by time:
   Orc:1: 727 daAuts
     D:8: 724 daAuts
   Orc:2: 563 daAuts
    D:12: 494 daAuts
     D:7: 433 daAuts
    D:10: 417 daAuts
    D:11: 413 daAuts
     D:9: 359 daAuts
     D:2: 297 daAuts
     D:5: 288 daAuts
     D:3: 179 daAuts
     D:4: 127 daAuts
     D:1: 95 daAuts
  Lair:1: 71 daAuts
  Lair:2: 70 daAuts
